 Dungeon Crawl Stone Soup version 0.31-a0-263-ge8cad7f256 (webtiles) character file.

Game seed: 8296616168036587642

22413 Newt the Basher (level 12, -11/78 (82) HPs)
             Began as a Demonspawn Gladiator on July 13, 2023.
             Was an Elder of Hepliaklqana.
             Mangled by a profane servitor
             ... wielding a +3 whip
              (15 damage)
             ... on level 2 of the Abyss.
             The game lasted 00:18:58 (10767 turns).

Newt the Basher (Demonspawn Gladiator)             Turns: 10767, Time: 00:18:59

HP:   -11/78 (82)   AC: 13    Str: 19    XL:     12   Next: 62%
MP:   21/21         EV: 13    Int: 29    God:    Hepliaklqana [****..]
Gold: 764           SH:  0    Dex: 16    Spells: 15/23 levels left

rFire   + . .        x - +6 mace of Sifyafe {drain, Int+5}
rCold   + . .        (no shield)
rNeg    . . .        C - +0 troll leather armour
rPois   .            H - +2 helmet {Int+3}
rElec   .            p - +0 cloak
rCorr   .            (no gloves)
SInv    .            (boots unavailable)
Will    .....        i - amulet of regeneration
Stlth   +            f - +6 ring of intelligence
HPRegen 0.00/turn    q - +6 ring of intelligence
MPRegen 0.17/turn

%: clarity
@: sick, hasted, wreathed by umbra, lightly drained, slow
A: reduced essence, hooves 3, icy blue scales 3, powered by pain 1, clarity,
fire resistance 1
a: Renounce Religion, Recall Ancestor, Ancestor Identity, Transference, Idealise


You were on level 2 of the Abyss.
You worshipped Hepliaklqana.
Hepliaklqana was greatly pleased with you.
You visited 3 branches of the dungeon, and saw 14 of its levels.
You visited the Abyss 1 time.

You collected 764 gold pieces.

Inventory:

Hand Weapons
 a - a +1 rapier
 x - the +6 mace of Sifyafe (weapon) {drain, Int+5}
   (You found it on level 7 of the Dungeon)

   Int:       It affects your intelligence (+5).
Missiles
 d - 3 throwing nets (quivered)
 o - 17 boomerangs
 E - a javelin
Armour
 b - a +0 leather armour
 c - a +0 helmet
 j - the +1 pair of boots of Recklessness {*Corrode Drain Int+5}
   (You found it on level 2 of the Dungeon)

   Int:       It affects your intelligence (+5).
   *Corrode:  It may corrode you when you take damage.
   Drain:     It drains your maximum health when unequipped.
 p - a +0 cloak (worn)
 v - a +0 buckler
 C - a +0 troll leather armour (worn)
 H - a +2 helmet of intelligence (worn)
 J - a +2 hat of willpower
Jewellery
 f - a +6 ring of intelligence (left hand)
 g - a ring of fire
 i - an amulet of regeneration (around neck)
 k - a +4 ring of protection
 q - a +6 ring of intelligence (right hand)
 z - a +6 ring of intelligence
 F - a +5 ring of evasion
 I - a ring of ice
 K - a ring of flight
 M - a ring of see invisible
Wands
 e - a wand of quicksilver (3)
 B - a wand of iceblast (13)
 D - a wand of polymorph (9)
Scrolls
 h - 4 scrolls of teleportation
 r - 3 scrolls of blinking
 w - a scroll of enchant weapon
 y - 5 scrolls of identify
 G - a scroll of fog
 L - a scroll of fear
Potions
 l - 6 potions of curing
 m - 6 potions of attraction
 n - 3 potions of mutation
 s - 2 potions of haste
 u - 2 potions of ambrosia
 A - 2 potions of enlightenment
 N - a potion of berserk rage {unknown}


   Skills:
 - Level 8.0 Fighting
 - Level 4.0 Short Blades
 - Level 11.3 Maces & Flails
 - Level 1.7 Throwing
 - Level 6.0 Armour
 - Level 4.0 Dodging
 - Level 3.0 Stealth
 - Level 6.0 Spellcasting
 + Level 7.7 Summonings
 - Level 6.0 Ice Magic
 - Level 5.0 Evocations


You had 15 spell levels left.
You knew the following spells:

 Your Spells              Type           Power      Damage    Failure   Level
a - Summon Small Mammal   Summ           100%       N/A       1%          1
b - Call Canine Familiar  Summ           52%        N/A       1%          3
c - Summon Ice Beast      Ice/Summ       48%        N/A       3%          4

Your spell library contained the following spells:

 Spells                   Type           Power      Damage    Failure   Level
 Summon Guardian Golem    Hex/Summ       31%        N/A       4%          3
 Hailstorm                Conj/Ice       26%        3d7       5%          3
 Cigotuvi's Dreadful Rot  Necr/Pois/Air  16%        N/A       10%         2
 Ignite Poison            Fire/Tmut/Pois 8%         N/A       19%         3
 Portal Projectile        Hex/Tloc       16%        N/A       19%         3
 Anguish                  Hex/Necr       4%         N/A       54%         4
 Cause Fear               Hex            4%         N/A       54%         4
 Leda's Liquefaction      Hex/Erth       4%         N/A       54%         4
 Freezing Cloud           Conj/Ice/Air   10%        6-21      61%         5
 Simulacrum               Ice/Necr       13%        N/A       96%         6
 Enfeeble                 Hex            4%         N/A       100%        7


Dungeon Overview and Level Annotations

Branches:
Dungeon (11/15)            Temple (1/1) D:7            Lair (2/5) D:11
    Orc (0/2) D:11
  Swamp: Lair:2-3    Shoals: Lair:2-3     Snake: Lair:2-3    Spider: Lair:2-3

Altars:
Ashenzari
Cheibriados
Dithmenos
Fedhas
Gozag
Hepliaklqana
Kikubaaqudgha
Makhleb
Nemelex Xobeh
Okawaru
Qazlal
Ru
Sif Muna
Trog
Uskayaw
Vehumet
Wu Jian
Xom
Yredelemnul

Shops:
D:11 =

Annotations:
D:2 1 runed translucent door, Crazy Yiuf
D:3 1 runed translucent door, cforsyth's ghost, amateur OgSh
D:5 3 runed translucent doors, osoart's ghost, novice DrSh
Lair:2 Sonja


Innate Abilities, Weirdness & Mutations

Your life essence is reduced to manifest your ancestor. (-10% HP)
You have hooves in place of feet.
You are completely covered in icy blue scales. (AC +4, rC+)
You sometimes gain a little power by taking damage.
You possess an exceptional clarity of mind.
Your flesh is heat resistant. (rF+)


Message History

The ufetubus hits your ice beast.
Your ice beast completely misses the ufetubus.
The ancient zyme hits your wolf!
Your wolf dies!
Your wolf's corpse disappears in a puff of smoke!
A shadow imp comes into view.
A raiju comes into view.
Your wolf looks sick.
Your wolf bites the large abomination but does no damage.
The large abomination hits your wolf.
Your wolf bites the large abomination but does no damage.
Your wolf closely misses the large abomination.
You feel much better.
Your wolf bites the large abomination but does no damage.
Your wolf bites the large abomination.
Something barely misses your ice beast.
Your wolf bites the large abomination.
Casting: Call Canine Familiar (safe; 1% risk of failure)
Confirm with . or Enter, or press ? or * to list all spells.
A chill wind blows around you.
The profane servitor hits you with a +3 whip.
* * * LOW HITPOINT WARNING * * *
The profane servitor draws strength from your injuries!
The profane servitor closely misses you.
An Executioner comes into view.
The profane servitor attacks as you move away!
The profane servitor hits you but does no damage.
The profane servitor misses you.
You enter the shallow water.
Moving in this stuff is going to be slow.
Your ice beast closely misses the profane servitor.
The Executioner gestures.
The Executioner seems to speed up.
Your wolf barely misses the shadow imp.
The profane servitor hits you with a +3 whip!
* * * LOW HITPOINT WARNING * * *
You focus on the pain.
You feel your power returning.
The profane servitor draws strength from your injuries!
The profane servitor hits you with a +3 whip.
* * * LOW HITPOINT WARNING * * *
Something closely misses your wolf. Something barely misses your wolf.
The profane servitor hits you with a +3 whip!
You die...

.~ .#. .. ~
##~###..##.#.
#~#.~~#.....#..#
.#§§~~~≈~~≈~~~~#
§#~~~~~~≈≈≈~≈~~#
§≈~~~~~~~~1~~~~#
~≈~♣~~~~~~♣~~~~#
~≈~~~~♣@~♣~~~~~~
~~~~≈≈~A~~~~~~~#
~≈~~~~≈~~Y~~~~~~~.
.........5........
.....#.h...#....
#...###...## ...
.# ##.## ##5## .#
..###...## .X.##
... .....#.....#..


You could see a profane servitor (ally target), an Executioner (fast), a large
abomination, a shadow imp, an ufetubus (summoned), a friendly ice beast
(summoned) and a friendly wolf (summoned, sick).

Vanquished Creatures
  Josephine (D:10)
  Fannar (D:10)
  A two-headed ogre (D:9)
  Amaemon (Lair:2)
  A wizard (D:11)
  4 elephants (Lair:1)
  A black mamba (Lair:1)
  2 kobold demonologists (D:10)
  3 komodo dragons (Lair:1)
  3 trolls
  Prince Ribbit (D:6)
  Sigmund (D:5)
  5 dream sheep (Lair:1)
  7 wyverns
  4 yaks (D:8)
  A vampire mosquito (D:11)
  An acid dragon (D:11)
  2 water moccasins
  4 black bears
  5 orc warriors
  An ice beast (D:5)
  3 ogres
  3 centaurs
  3 bullfrogs
  2 kobold brigands
  2 gnoll sergeants
  2 scorpions
  A necrophage (D:6)
  5 wights
  A howler monkey (D:5)
  An electric eel (D:11)
  3 centaur zombies (D:6)
  A human zombie (D:6)
  4 jellies
  A bullfrog zombie (D:6)
  2 hounds
  4 orc priests
  A gnoll bouda (D:7)
  Jessica (D:2)
  2 iguanas
  2 sleepcaps
  4 orc wizards
  2 mummies (D:6)
  13 gnolls
  9 adders
  4 shadow imps
  A white imp (D:7)
  An ufetubus (D:5)
  A worm (D:4)
  A dart slug (D:1)
  28 orcs
  9 ball pythons
  5 bats
  7 endoplasms
  4 giant cockroaches
  5 goblins
  4 hobgoblins
  8 kobolds
  7 quokkas
  2 frilled lizards
  5 rats
214 creatures vanquished.

Vanquished Creatures (collateral kills)
  A hydra (Lair:1)
  2 two-headed ogres
  Erica (D:9)
  3 cyclopes (D:11)
  An oklob plant (Lair:1)
  2 elephants (Lair:1)
  An ugly thing (D:9)
  Joseph (D:10)
  A gargoyle (D:11)
  An orange demon (Lair:2)
  A troll (D:9)
  A polar bear (Lair:1)
  A hornet (Lair:1)
  2 dream sheep (Lair:1)
  A shadow (D:9)
  6 wraiths
  2 basilisks (Lair:1)
  2 wyverns
  2 vampire mosquitoes (D:11)
  A water moccasin (Lair:1)
  A black bear (D:5)
  A kobold brigand (D:10)
  Blork the orc (D:6)
  A necrophage (D:6)
  2 wights (D:8)
  2 electric eels
  A howler monkey (D:9)
  A crimson imp (D:11)
  A bullfrog zombie (D:6)
  An orc priest (D:11)
  A hound (D:6)
  A sleepcap (D:6)
  An iguana (D:6)
  An orc wizard (D:11)
  3 gnolls
  6 orcs
  A kobold (D:10)
59 creatures vanquished.

Vanquished Creatures (others)
  An ancestor (D:9)
  4 hexers
  A gnoll (D:9)
6 creatures vanquished.

Grand Total: 279 creatures vanquished

Notes
Turn   | Place    | Note
-------+----------+-------------------------------------------
     0 | D:1      | Newt the Demonspawn Gladiator began the quest for the Orb.
     0 | D:1      | Reached XP level 1. HP: 16/16 MP: 1/1
    93 | D:1      | Gained mutation: You sometimes gain a little power by
                  | taking damage. [demonic ancestry]
    93 | D:1      | Reached XP level 2. HP: 22/23 MP: 2/2
   303 | D:1      | Gained mutation: You are partially covered in icy blue
                  | scales. (AC +2) [demonic ancestry]
   303 | D:1      | Reached XP level 3. HP: 29/29 MP: 3/3
   445 | D:2      | Noticed Jessica
   450 | D:2      | Killed Jessica
   470 | D:2      | Reached skill level 1 in Stealth
   526 | D:2      | Found a shimmering blue altar of Sif Muna.
   541 | D:2      | Identified the +1 pair of boots of Recklessness {*Corrode
                  | Drain Int+5}
   556 | D:2      | Gained mutation: You have large cloven feet. [demonic
                  | ancestry]
   556 | D:2      | Reached XP level 4. HP: 31/37 MP: 4/4
   903 | D:2      | Found a runed translucent door.
   904 | D:2      | Noticed Crazy Yiuf
   938 | D:2      | You fall into a shaft and drop 1 floor!
   951 | D:3      | Noticed an ogre
   962 | D:3      | Killed an ogre
   963 | D:3      | Gained mutation: You have hoof-like feet. [demonic
                  | ancestry]
   963 | D:3      | Reached XP level 5. HP: 29/42 MP: 5/5
  1441 | D:3      | Noticed cforsyth's ghost (amateur OgSh)
  1444 | D:3      | Found a runed translucent door.
  1621 | D:4      | Learned a level 1 spell: Summon Small Mammal
  1833 | D:4      | Reached skill level 1 in Summonings
  2019 | D:5      | Entered Level 5 of the Dungeon
  2020 | D:5      | Noticed a black bear
  2029 | D:5      | Killed a black bear
  2030 | D:5      | Reached XP level 6. HP: 48/48 MP: 6/6
  2131 | D:5      | Noticed Sigmund
  2141 | D:5      | Reached skill level 5 in Fighting
  2141 | D:5      | Reached XP level 7. HP: 48/56 MP: 4/7
  2386 | D:5      | Killed Sigmund
  2514 | D:5      | Gained mutation: You are dopey. (Int -2) [potion of
                  | mutation]
  2514 | D:5      | Gained mutation: Your flesh is heat resistant. (rF+)
                  | [potion of mutation]
  2515 | D:5      | Lost mutation: Your flesh is heat resistant. (rF+) [potion
                  | of mutation]
  2515 | D:5      | Lost mutation: You are dopey. (Int -2) [potion of mutation]
  2515 | D:5      | Gained mutation: You are somewhat resistant to further
                  | mutation. [potion of mutation]
  2516 | D:5      | Lost mutation: You are somewhat resistant to further
                  | mutation. [potion of mutation]
  2516 | D:5      | Gained mutation: Your flesh is heat resistant. (rF+)
                  | [potion of mutation]
  2516 | D:5      | Gained mutation: You possess an exceptional clarity of
                  | mind. [potion of mutation]
  2570 | D:5      | Reached skill level 1 in Armour
  2601 | D:5      | Reached XP level 8. HP: 19/64 MP: 5/8
  2758 | D:5      | Found a runed translucent gate.
  2758 | D:5      | Found a runed translucent gate.
  2758 | D:5      | Found a runed translucent gate.
  2760 | D:5      | Noticed osoart's ghost (novice DrSh)
  2761 | D:5      | Found an opulent altar of Gozag.
  2761 | D:5      | Noticed a kobold demonologist
  2915 | D:5      | Reached skill level 1 in Spellcasting
  3055 | D:5      | Learned a level 3 spell: Call Canine Familiar
  3116 | D:5      | Found a snail-covered altar of Cheibriados.
  3118 | D:5      | Found an iron altar of Okawaru.
  3370 | D:6      | Noticed Blork the orc
  3380 | D:6      | Killed Blork the orc
  3572 | D:6      | Noticed Prince Ribbit
  3586 | D:6      | Killed Prince Ribbit
  3587 | D:6      | Reached skill level 5 in Summonings
  3763 | D:6      | Gained mutation: You are mostly covered in icy blue scales.
                  | (AC +3) [demonic ancestry]
  3763 | D:6      | Reached XP level 9. HP: 68/69 MP: 13/13
  3848 | D:6      | Found a basalt altar of Yredelemnul.
  4767 | D:7      | Found a staircase to the Ecumenical Temple.
  4787 | Temple   | Entered the Ecumenical Temple
  4908 | Temple   | Became a worshipper of Hepliaklqana the Forgotten
  5054 | D:7      | Identified the +6 mace of Sifyafe {drain, Int+5}
  5144 | D:7      | Noticed a troll
  5153 | D:7      | Killed a troll
  5154 | D:7      | Reached skill level 2 in Maces & Flails
  5361 | D:7      | Identified the +2 hand axe of Moral Flaws {heavy, rC+
                  | Dex+4}
  5497 | D:8      | Reached skill level 3 in Maces & Flails
  5543 | D:8      | Reached skill level 4 in Maces & Flails
  5678 | D:8      | Reached XP level 10. HP: 70/80 MP: 14/14
  5680 | D:8      | Reached skill level 5 in Maces & Flails
  5991 | D:9      | Reached skill level 6 in Maces & Flails
  6314 | D:9      | Reached * piety under Hepliaklqana
  6380 | D:9      | Reached skill level 7 in Maces & Flails
  6513 | D:9      | Noticed a brown ugly thing
  6519 | D:9      | Killed a brown ugly thing
  6526 | D:9      | Reached skill level 8 in Maces & Flails
  6597 | D:9      | Noticed Erica
  6604 | D:9      | Killed Erica
  6704 | D:9      | Noticed a two-headed ogre
  6712 | D:9      | Killed a two-headed ogre
  6713 | D:9      | Reached skill level 5 in Spellcasting
  6743 | D:9      | Learned a level 4 spell: Summon Ice Beast
  6817 | D:9      | Noticed a two-headed ogre
  6837 | D:9      | Killed a two-headed ogre
  6838 | D:9      | Reached skill level 1 in Ice Magic
  6838 | D:9      | Gained mutation: You have hooves in place of feet. [demonic
                  | ancestry]
  6838 | D:9      | Reached XP level 11. HP: 47/77 MP: 10/20
  7124 | D:10     | Entered Level 10 of the Dungeon
  7226 | D:10     | Reached ** piety under Hepliaklqana
  7227 | D:10     | Remembered your ancestor Yayatum as a hexer
  7757 | D:10     | Noticed Fannar
  7772 | D:10     | Killed Fannar
  7827 | D:10     | Noticed Josephine
  7846 | D:10     | Killed Josephine
  7847 | D:10     | Reached skill level 5 in Ice Magic
  7947 | D:10     | Noticed Joseph
  7961 | D:10     | Killed Joseph
  8787 | D:11     | Found Cufamun's Jewellery Shoppe.
  8888 | D:11     | Noticed a two-headed ogre
  8894 | D:11     | Killed a two-headed ogre
  8895 | D:11     | Reached skill level 5 in Armour
  8908 | D:11     | Reached skill level 1 in Evocations
  9117 | D:11     | Found a staircase to the Orcish Mines.
  9241 | D:11     | Found a staircase to the Lair.
  9246 | D:11     | Reached *** piety under Hepliaklqana
  9340 | D:11     | Noticed a wizard
  9347 | D:11     | Killed a wizard
  9466 | D:11     | Reached skill level 5 in Evocations
  9672 | Lair:1   | Entered Level 1 of the Lair of Beasts
  9690 | Lair:1   | Gained mutation: You are completely covered in icy blue
                  | scales. (AC +4, rC+) [demonic ancestry]
  9690 | Lair:1   | Reached XP level 12. HP: 82/82 MP: 15/21
  9700 | Lair:1   | Reached skill level 9 in Maces & Flails
  9865 | Lair:1   | Paralysed by a hornet for 1 turns
  9945 | Lair:1   | Noticed an eight-headed hydra
  9952 | Lair:1   | Killed an eight-headed hydra
  9953 | Lair:1   | Reached skill level 10 in Maces & Flails
 10179 | Lair:1   | Reached skill level 11 in Maces & Flails
 10658 | Lair:2   | Noticed Amaemon
 10664 | Lair:2   | Noticed Sonja
 10669 | Lair:2   | Killed Amaemon
 10671 | Abyss:2  | Cast into level 2 of the Abyss (Sonja)
 10697 | Abyss:2  | Reached **** piety under Hepliaklqana
 10725 | Abyss:2  | Noticed a profane servitor
 10764 | Abyss:2  | Noticed an Executioner
 10767 | Abyss:2  | Mangled by a profane servitor

Illustrated notes

Levels and vault maps discovered:
D:1:      mushboom_english_gardens, layout_basic
D:2:      layout_basic, basic_altar, uniq_crazy_yiuf_cottage, uniq_jessica
D:3:      layout_rooms, hellmonk_ghost_happy_afterlife, minmay_misc_feat_cross
D:4:      layout_rooms
D:5:      layout_loops_ring, minitemple, ebering_ghost_gozag,
          kennysheep_decorative_pillar, nicolae_nh_ransacked_shop, uniq_sigmund
D:6:      minmay_diamond_boxcup, layout_cave_pods,
          lemuel_mausoleum_altar_yredelemnul, uniq_blork_the_orc,
          uniq_prince_ribbit1
D:7:      layout_rooms, temple_green, st_stairs_14, grunt_decor_mini_mirrors
D:8:      layout_rooms, serial_curves, eino_curves_02, eino_curves_02,
          eino_curves_03, eino_curves_03, kennysheep_generic_room_13
D:9:      layout_long_grid, nicolae_tso_swordbearing_angel,
          hangedman_decor_growths, minivault_4,
          minmay_fractal_squares_gapless_5, uniq_erica
D:10:     layout_cave_pods, uniq_fannar, uniq_joseph, uniq_josephine
D:11:     layout_small_grid, lair_entry_dummy, erik_orc_2, serial_shops, shop,
          lightli_wizard_tower
Temple:   hc_temple_tempest_star
Lair:1:   layout_loops_ring, minivault_25, serial_bayou_lagoon_b
Lair:2:   layout_misc_corridors, minmay_swamp_entry_worms,
          minmay_snake_entry_six_corridors, uniq_amaemon, uniq_sonja
Abyss:2:  base: D:1, hangedman_decor_lopped, hangedman_abyss_or_decor_clamps,
          minivault_26

Skill      XL: |  1  2  3  4  5  6  7  8  9 10 11 12 |
---------------+-------------------------------------+-----
Fighting       | 3 4 5 6 8 |  8.0
Stealth        | 1 3 |  3.0
Short Blades   | 3 4 |  4.0
Summonings     | 2 3 6 7 |  7.7
Dodging        | 4 |  4.0
Armour         | 2 4 6 |  6.0
Spellcasting   | 3 6 |  6.0
Maces & Flails | 4 8 11 | 11.3
Ice Magic      | 1 6 |  6.0
Evocations     | 5 |  5.0
Throwing       | |  1.7

Action                     |  1- 3 |  4- 6 |  7- 9 | 10-12 || total
---------------------------+-------+-------+-------+-------++-------
  Melee: Rapier            |    70 |   133 |   294 |       ||   497
         Punch             |     2 |     2 |     3 |     6 ||    13
         Kick              |       |    33 |   121 |    98 ||   252
         Mace              |       |       |    30 |   305 ||   335
  Throw: Throwing net      |       |     3 |     2 |     2 ||     7
         Javelin           |       |       |       |     1 ||     1
   Cast: Summon Small Mamm |       |     3 |    13 |       ||    16
         Call Canine Famil |       |       |    15 |    28 ||    43
         Summon Ice Beast  |       |       |       |    25 ||    25
 Invoke: Ancestor Life: He |       |       |       |     1 ||     1
         Recall Ancestor   |       |       |       |     2 ||     2
  Evoke: Wand              |       |       |       |     2 ||     2
    Use: Scroll            |     2 |     7 |     5 |     5 ||    19
         Potion            |       |       |     3 |     4 ||     7
   Stab: Sleeping          |     1 |     8 |     7 |     6 ||    22
         Held in net/web   |       |     3 |     2 |       ||     5
         Distracted        |       |       |     7 |     7 ||    14
         Confused          |       |       |       |     2 ||     2
 Armour: Leather armour    |    14 |    59 |   145 |    14 ||   232
         Troll leather arm |       |       |       |   107 ||   107
         Skin              |       |       |       |     2 ||     2
  Dodge: Dodged            |    37 |    98 |   270 |   214 ||   619

Table legend: (Time is in decaauts)
 A = Elapsed time spent in this place.
 B = Non-inter-level travel time spent in this place.
 C = Inter-level travel time spent in this place.
 D = Time resting spent in this place.
 E = Time spent auto-exploring this place.
 F = Levels seen in this place.
 G = Mean time per level.
                   A        B        C        D        E       F      G
               +--------+--------+--------+--------+--------+-----+--------+
         Total |  10825 |  10495 |    330 |   1686 |   6582 |  15 |  721.7 |
       Dungeon |   9603 |   9324 |    279 |   1541 |   5872 |  11 |  873.0 |
        Temple |    131 |    102 |     29 |      0 |     85 |   1 |  131.0 |
          Lair |   1004 |    984 |     20 |    139 |    625 |   2 |  502.0 |
         Abyss |     85 |     85 |      0 |      6 |      0 |   1 |   85.0 |
               +--------+--------+--------+--------+--------+-----+--------+

Top non-repeatable levels by time:
    D:10: 1540 daAuts
     D:6: 1385 daAuts
     D:9: 1181 daAuts
     D:5: 1107 daAuts
    D:11: 1047 daAuts
  Lair:1: 951 daAuts
     D:4: 692 daAuts
     D:3: 593 daAuts
     D:7: 574 daAuts
     D:8: 540 daAuts
     D:2: 493 daAuts
     D:1: 447 daAuts
  Temple: 131 daAuts
 Abyss:2: 85 daAuts
  Lair:2: 52 daAuts
